 Dungeon Crawl Stone Soup version 0.31-a0-149-g3fdcc5976a (webtiles) character file.

Game seed: 13468940678768726640

48 IdlyInterested the Trooper (level 3, -1/30 HPs)
             Began as a Demonspawn Fighter on June 7, 2023.
             Succumbed to a goblin's poison
             ... on level 2 of the Dungeon.
             The game lasted 00:02:44 (1242 turns).

IdlyInterested the Trooper (Demonspawn Fighter)     Turns: 1242, Time: 00:02:45

Health: -1/30      AC:  6    Str: 18    XL:     3   Next: 50%
Magic:  3/3        EV:  9    Int:  9    God:
Gold:   70         SH:  4    Dex: 12    Spells: 2/2 levels left

rFire   . . .        a - +0 war axe
rCold   . . .        c - +0 buckler
rNeg    + . .        b - +0 scale mail
rPois   .            (no helmet)
rElec   .            (no cloak)
rCorr   .            (no gloves)
SInv    .            (no boots)
Will    .....        (no amulet) Stlth
                     h - ring of positive energy
HPRegen 0.25/turn    (no ring)
MPRegen 0.08/turn

%: no passive effects
@: lethally poisoned (-1 -> -37)
A: hooves 1
a: no special abilities


You were on level 2 of the Dungeon.
You visited 1 branch of the dungeon, and saw 2 of its levels.

You collected 70 gold pieces.

Inventory:

Hand Weapons
 a - a +0 war axe (weapon)
Missiles
 i - 13 stones
Armour
 b - a +0 scale mail (worn)
 c - a +0 buckler (worn)
Jewellery
 h - a ring of positive energy (left hand)
Scrolls
 f - a scroll of noise {unknown}
 g - 2 scrolls of identify
 j - a scroll of blinking {unknown}
Potions
 d - a potion of might
 e - a potion of haste
 k - a potion of degeneration {unknown}


   Skills:
 * Level 3.6 Fighting
 + Level 2.2 Axes
 - Level 3.0 Armour
 * Level 3.1 Shields


You had 2 spell levels left.
You didn't know any spells.
Your spell library contained the following spells:

 Spells                   Type           Power      Damage    Failure   Level
 Sting                    Tmut/Pois      0%         1d3       85%         1
 Poisonous Vapours        Pois/Air       0%         N/A       94%         2
 Olgreb's Toxic Radiance  Pois           0%         N/A       100%        4


Dungeon Overview and Level Annotations

Branches:
Dungeon (2/15)

Altars:

Shops:
D:2 ?


Innate Abilities, Weirdness & Mutations

You have large cloven feet.


Message History

You add the spells Sting, Poisonous Vapours and Olgreb's Toxic Radiance to your library.
You now have 70 gold pieces (gained 12).
g - 2 scrolls of identify (gained 1)
i - 13 stones (gained 7)
Found Qepheyb's Magic Scroll Boutique.
Found a ring mail.
There is an entrance to Qepheyb's Magic Scroll Boutique here.
You can access your shopping list by pressing '$'.
k - a sedimented inky potion You see here a +0 falchion.
A goblin comes into view. It is wielding a +0 dagger of venom.
The goblin shouts!
You hear an angry hiss.
A ball python comes into view.
The ball python hisses angrily.
The goblin barely misses you.
You miss the goblin. Your kick misses the goblin.
The goblin hits you with a +0 dagger of venom.
You are poisoned.
You hit the goblin. Your kick misses the goblin.
The goblin is heavily wounded.
You feel sick.
The goblin hits you with a +0 dagger of venom.
You are more poisoned.
The goblin hits you but does no damage.
You are more poisoned.
You barely miss the goblin.
The goblin is heavily wounded.
You feel extremely sick. The goblin hits you but does no damage.
You are lethally poisoned!
You closely miss the goblin.
The goblin is heavily wounded.
You feel extremely sick. The goblin hits you but does no damage.
You are more poisoned.
The goblin hits you but does no damage.
You are more poisoned.
You hit the goblin.
You kill the goblin!
You die...

..................#########.#
.####.........# .......<..#
.# #######...# ########### .#
##.## .# #.# ## ##.## #
#######...#### #.)..........#
#####.#####...##@# ......#
##.###)# ####### #.# #S# #.#
... #.# ... ##### #.#.....
###...######.#.....
.............#.....#
###...########


You could see a ball python.

Vanquished Creatures
  An adder (D:2)
  2 dart slugs
  2 endoplasms
  3 giant cockroaches (D:1)
  6 goblins
  5 hobgoblins
  2 kobolds (D:1)
  6 ball pythons
  3 bats (D:1)
  A frilled lizard (D:2)
  2 rats (D:1)
33 creatures vanquished.

Notes
Turn   | Place    | Note
-------+----------+-------------------------------------------
     0 | D:1      | IdlyInterested the Demonspawn Fighter began the quest for
                  | the Orb.
     0 | D:1      | Reached XP level 1. HP: 18/18 MP: 1/1
   109 | D:1      | Gained mutation: You have large cloven feet. [demonic
                  | ancestry]
   109 | D:1      | Reached XP level 2. HP: 24/24 MP: 2/2
   626 | D:1      | Reached XP level 3. HP: 27/29 MP: 3/3
  1209 | D:2      | Found Qepheyb's Magic Scroll Boutique.
  1242 | D:2      | Succumbed to a goblin's poison

Illustrated notes

Levels and vault maps discovered:
D:1:      dpeg_arrival_court, layout_basic
D:2:      layout_loops_ring, serial_shops, nicolae_shop_trees

Skill      XL: |  1  2  3 |
---------------+----------+-----
Axes           | 2 |  2.2
Armour         | 3 |  3.0
Shields        | 3 |  3.1
Fighting       | |  3.6

Action                     || total
---------------------------++-------
  Melee: War axe           ||    84
         Kick              ||    14
    Use: Scroll            ||     1
 Armour: Scale mail        ||    41
  Dodge: Dodged            ||    27
  Block: Buckler           ||    20

Table legend: (Time is in decaauts)
 A = Elapsed time spent in this place.
 B = Non-inter-level travel time spent in this place.
 C = Inter-level travel time spent in this place.
 D = Time resting spent in this place.
 E = Time spent auto-exploring this place.
 F = Levels seen in this place.
 G = Mean time per level.
                   A        B        C        D        E       F      G
               +--------+--------+--------+--------+--------+-----+--------+
         Total |   1278 |   1144 |    134 |     34 |    819 |   2 |  639.0 |
       Dungeon |   1278 |   1144 |    134 |     34 |    819 |   2 |  639.0 |
               +--------+--------+--------+--------+--------+-----+--------+

Top non-repeatable levels by time:
     D:1: 1107 daAuts
     D:2: 170 daAuts
